cohdb
Replays
Latest Replays
All Replays
Popular Replays
Top Player Replays
Match Explorer
How It Works
Community
CoH3 Stats
Reddit
Sign in to upload your games and track your stats! →
Sign in with Steam
Match 41291678
Unlisted
Match 41291678
Overview
Messages
Build Orders
End
Construct Section Command Post
Selects Canadian Shock Battlegroup
Dingo Light Scout Car
Infantry Section
Grenade Package
ML 3-inch Mortar Team
Selects Offensive Resupply
Selects Canadian Shock Section
Canadian Shock Section
Royal Engineer Section
Construct Platoon Command Post
Selects Incendiary Munitions
CMP 15cwt Truck
Canadian Shock Section
Infantry Training
6-pounder Anti-tank Gun Team
Selects Pyrotechnics
Construct Company Command Post
Team Weapon Training
Foot Guards Section
Selects Demolition Engineering
Demolition Engineering
6-pounder Anti-tank Gun Team
Selects Smoke Operation
6-pounder Anti-tank Gun Team
Unlock Towed 17-pounder Anti-tank Guns
CMP 15cwt Truck
Crusader II Medium Tank
Smoke Operation
Crusader II Medium Tank
88-939-16-Delta
Kellock93
blyat:-(
XIAO_OvO
Sir Toady
Karl Müller
a.foxrobinson
SwiftLans
0
0
Comments
sign in to comment!
No comments posted yet!